 Dungeon Crawl Stone Soup version 0.31-a0-920-g28cbb04a8c (webtiles) character file.

Game seed: 15904751896667485676

95050 pokeman the Sorcerer (level 15, -2/86 HPs)
             Began as a Deep Elf Hedge Wizard on Oct 17, 2023.
             Was a High Priest of Vehumet.
             Killed from afar by a fenstrider witch (16 damage)
             ... with a toxic bog
             ... on level 1 of the Swamp.
             The game lasted 01:26:46 (27095 turns).

pokeman the Sorcerer (Deep Elf Hedge Wizard)       Turns: 27095, Time: 01:26:47

Health: -2/86      AC: 17    Str: 10    XL:     15   Next: 65%
Magic:  0/61       EV: 12    Int: 27    God:    Vehumet [*****.]
Gold:   421        SH:  0    Dex: 16    Spells: 22/59 levels left

rFire   + + +        T - +5 hand axe of the Transmuting Oracle {venom, MP+9 Str+3}
rCold   . . .        (no shield)
rNeg    . . .        M - +2 acid dragon scales
rPois   .            c - +0 hat
rElec   .            k - +2 cloak of the Thief {*Fog Slay-2 SInv Stlth+}
rCorr   +            Z - +0 pair of gloves "Nevoobed" {Dex+2}
SInv    +            e - +2 pair of boots
Will    +....        n - amulet "Roshrakle" {Faith Drain rF+++ MP+9}
Stlth   ++           I - ring of protection from cold
HPRegen 0.34/turn    u - ring of fire
MPRegen 0.37/turn

%: faith
@: lethally poisoned (-2 -> -36), studying Axes, very slow
A: no striking features
a: Renounce Religion


You were on level 1 of the Swamp.
You worshipped Vehumet.
Vehumet was extremely pleased with you.
You visited 4 branches of the dungeon, and saw 22 of its levels.
You visited 1 bazaar.
You also visited: Bailey and Gauntlet.

You collected 1385 gold pieces.
You spent 964 gold pieces at shops.

Inventory:

Hand Weapons
 T - the +5 hand axe of the Transmuting Oracle (weapon) {venom, MP+9 Str+3}
   (You took it off a minotaur in a Gauntlet)

   Str+3:     It affects your strength (+3).
   MP+9:      It affects your magic capacity (+9).
Missiles
 h - 3 curare-tipped darts
 i - a throwing net
Armour
 c - a +0 hat (worn)
 e - a +2 pair of boots (worn)
 k - the +2 cloak of the Thief (worn) {*Fog Slay-2 SInv Stlth+}
   (You bought it in a shop in a bazaar)

   *Fog:      It may release a thick cloud of smoke when the wearer is hurt.
   Slay-2:    It affects your accuracy & damage with ranged weapons and melee
   (-2).
   SInv:      It lets you see invisible.
   Stlth+:    It makes you more stealthy.
 q - a +4 ring mail of cold resistance
 M - +2 acid dragon scales (worn)
 W - a +0 buckler
 Z - the +0 pair of gloves "Nevoobed" (worn) {Dex+2}
   (You found it in a Gauntlet)

   Dex+2:     It affects your dexterity (+2).
Magical Staves
 C - a staff of cold
Jewellery
 n - the amulet "Roshrakle" (around neck) {Faith Drain rF+++ MP+9}
   (You acquired it in the Ecumenical Temple)

   [amulet of faith]

   Faith:     It allows you to gain divine favour quickly.
   rF+++:     It renders you almost immune to fire.
   MP+9:      It affects your magic capacity (+9).
   Drain:     It drains your maximum health when unequipped.
 p - a ring of ice
 u - a ring of fire (right hand)
 y - a ring of see invisible
 I - a ring of protection from cold (left hand)
 V - a ring of flight
Wands
 t - a wand of acid (9)
 F - a wand of roots (38)
Scrolls
 a - a scroll of torment
 b - 2 scrolls of revelation
 j - 10 scrolls of teleportation
 r - 9 scrolls of blinking
Potions
 d - 2 potions of magic
 g - 8 potions of heal wounds
 o - 6 potions of haste
 s - 2 potions of cancellation {unknown}
 z - 3 potions of degeneration {unknown}
 A - 3 potions of ambrosia {unknown}
 B - 6 potions of curing
 G - a potion of brilliance {unknown}
 K - 2 potions of mutation {unknown}
 L - 4 potions of invisibility {unknown}
 N - 3 potions of berserk rage {unknown}
 U - 4 potions of enlightenment {unknown}


   Skills:
 - Level 7.0 Fighting
 - Level 7.3 Armour
 - Level 3.0 Dodging
 - Level 3.0 Stealth
 + Level 3.2 Shields
 * Level 22.8 Spellcasting
 + Level 14.0 Conjurations
 - Level 1.1 Summonings
 - Level 1.0 Necromancy
 - Level 1.1 Translocations
 + Level 6.1 Fire Magic
 - Level 2.0 Ice Magic
 - Level 1.0 Air Magic
 - Level 12.3 Earth Magic
 - Level 1.0 Poison Magic
 - Level 1.0 Evocations


You had 22 spell levels left.
You knew the following spells:

 Your Spells              Type           Power      Damage    Failure   Level
a - Magic Dart            Conj           100%       1d8       0%          1
b - Mephitic Cloud        Conj/Pois/Air  56%        N/A       1%          3
c - Call Imp              Summ           72%        N/A       1%          2
d - Blink                 Tloc           72%        N/A       1%          2
e - Stone Arrow           Conj/Erth      100%       3d13      0%          3
f - Fireball              Conj/Fire      45%        3d18      1%          5
g - Lee's Rapid Deconstr  Erth           38%        3d19*     1%          5
h - Freezing Cloud        Conj/Ice/Air   28%        6-21      1%          5
i - Starburst             Conj/Fire      45%        6d13      1%          6
j - Iskenderun's Battles  Conj           82%        2d13      1%          5

Your spell library contained the following spells:

 Spells                   Type           Power      Damage    Failure   Level
 Slow                     Hex            100%       N/A       1%          1
 Cigotuvi's Dreadful Rot  Necr/Pois/Air  72%        N/A       1%          2
 Momentum Strike          Conj/Tloc      100%       3d10      1%          2
 Hailstorm                Conj/Ice       65%        3d14      1%          3
 Inner Flame              Hex/Fire       63%        N/A       1%          3
 Animate Armour           Summ/Erth      100%       N/A       1%          4
 Flame Wave               Conj/Fire      91%        2d19      1%          4
 Sticky Flame             Conj/Fire      91%        2d10      1%          4
 Ozocubu's Armour         Ice            41%        N/A       2%          3
 Summon Guardian Golem    Hex/Summ       33%        N/A       4%          3
 Summon Ice Beast         Ice/Summ       39%        N/A       9%          4
 Manifold Assault         Tloc           36%        N/A       11%         4
 Summon Lightning Spire   Summ/Air       36%        N/A       11%         4
 Yara's Violent Unravell  Hex/Tmut       15%        3d8       13%         5
 Lehudib's Crystal Spear  Conj/Erth      40%        10d10     13%         8
 Plasma Beam              Fire/Air       33%        2x1d46    16%         6
 Metabolic Englaciation   Hex/Ice        18%        N/A       32%         5
 Simulacrum               Ice/Necr       19%        N/A       82%         6
 Dispersal                Tloc           18%        N/A       86%         6
 Shatter                  Erth           38%        3d30*     93%         9
 Enfeeble                 Hex            15%        N/A       100%        7
 Disjunction              Tloc           18%        N/A       100%        8


Dungeon Overview and Level Annotations

Branches:
Dungeon (15/15)            Temple (1/1) D:7            Lair (5/5) D:9
  Swamp (1/4) Lair:3       Spider (0/4) Lair:3        Slime (0/5) Lair:5
    Orc (0/2) D:12         Vaults (0/5) D:13         Depths (0/4) D:15
 Bailey (visited)         Gauntlet (visited)

Altars:
Ashenzari
Cheibriados
Dithmenos
Elyvilon
Fedhas
Gozag
Hepliaklqana
Kikubaaqudgha
Makhleb
Nemelex Xobeh
Okawaru
Qazlal
Ru
Sif Muna
Trog
Uskayaw
Vehumet
Wu Jian
Xom
Yredelemnul
Zin
The Shining One
Jiyva

Shops:
D:8 (   D:12 *

Portals:
Hell: Lair:5


Message History

Unknown command.
Aiming: Fastroot
Press: ? - help, Shift-Dir - straight line, f - fenstrider witch
Aim: a fenstrider witch, wearing a +0 robe (moderately wounded)
The roots erupt in riotous growth!
Roots grab the fenstrider witch.
The grasping roots constrict the fenstrider witch.
The fenstrider witch struggles to escape constriction.
Press: ? - help, v - describe, . - travel
Here: a fenstrider witch, wearing a +0 robe (heavily wounded, constricted by roots)
The floor.
Unknown command.
Unknown command.
Unknown command.
The grasping roots constrict the fenstrider witch!
The roots release their grip on the fenstrider witch.
Aiming: Fastroot
Press: ? - help, Shift-Dir - straight line, f/p - fenstrider witch
Aim: a fenstrider witch, wearing a +0 robe (steam, heavily wounded)
The roots erupt in riotous growth!
Roots grab the fenstrider witch.
The grasping roots constrict the fenstrider witch.
The fenstrider witch is engulfed in a cloud of scalding steam.
The fenstrider witch points at you and mumbles some strange words.
The toxic sludge hits you!!
You are poisoned.
* * * LOW HITPOINT WARNING * * *
Splash!
You fall into the toxic bog.
Moving in this stuff is going to be slow.
Casting: Fireball (mildly dangerous; 1% risk of failure)
Confirm with . or Enter, or press ? or * to list all spells.
Aiming: Stone Arrow (safe; 0% risk of failure)
Press: ? - help, Shift-Dir - straight line, f/p - fenstrider witch
Aim: a fenstrider witch, wearing a +0 robe (heavily wounded, constricted by roots, 100% to hit)
The stone arrow hits the fenstrider witch!!
The fenstrider witch is almost dead.
You fester in the toxic bog!
You are more poisoned.
You die...

..~.~~.§~ ..♣ %...~~.○♣
♣♣.~ ......§°♣♣~~♣
~~.~.~☼☼~..♣ ~..~H.○†§§.♣
.~~§.♣♣♣.♣
♣.~.~~)°~♣~♣♣♣...~§~.~~.~
♣~..~~...~~~~~...~~~~...~
♣♣~..~§~.♣♣...~~~~~~~~~§~
♣♣♣.~~~@○♣♣...~~~~~~~§~~
♣§.~..♣☼♣♣~.§~~~~~~~~~
♣~♣♣.....~♣~~~.......~~
♣~♣~..~.~~§°♣~~~~§~~~§§~
♣~♣♣♣..~.~~~~○♣♣♣.~~~~~~~
♣♣ ♣~...~~~.♣♣♣~.~~~~~..
♣♣..>~~~...~.~~~....~
♣~~~.§~....~~~~)<..~
♣..~~.......÷~~~.~...


You could see a fenstrider witch (rooted).

Vanquished Creatures
  Nikola (Swamp:1)
  Frances (Swamp:1)
  Roxanne (Swamp:1)
  An azure jelly (Lair:5)
  A stone giant (D:15)
  An eleionoma (Swamp:1)
  Nessos (Lair:3)
  A bunyip (Swamp:1)
  A minotaur (Gauntlet)
  The ghost of Vujin the Cleaver, a journeyman MiFi of the Shining One (Lair:2)
  The ghost of Cattocvo the Carver, a journeyman VSWr of Wu Jian (Lair:2)
  Fannar (Lair:2)
  4 hydras
  Harold (Lair:1)
  An alligator (Swamp:1)
  An ogre mage (D:15)
  4 centaur warriors
  3 boulder beetles
  The ghost of Rocluheo the Unseen, a journeyman FeDe of Gozag (Lair:2)
  4 two-headed ogres
  The ghost of MachoJfn the Thaumaturge, a journeyman DsIE of Dithmenos (D:12)
  8 death yaks
  6 tengu warriors
  Urug (Lair:1)
  Amaemon (D:11)
  Sonja (D:10)
  A skyshark (Lair:5)
  A sun demon (Lair:5)
  An arcanist (Lair:5)
  5 skeletal warriors (D:12)
  A deep troll (D:15)
  A goliath frog (Swamp:1)
  A swamp dragon (Swamp:1)
  An orange crystal statue (Gauntlet)
  3 bog bodies (Swamp:1)
  An orc knight (D:15)
  3 deep elf pyromancers
  2 oklob plants (Lair:5)
  14 elephants
  2 necromancers
  3 cyclopes
  6 manticores
  5 ugly things (D:14)
  An orc sorcerer (D:13)
  6 black mambas
  A gargoyle (Bailey)
  A black mamba (shapeshifter) (D:15)
  An orange demon (D:11)
  A smoke demon (Lair:5)
  3 torpor snails
  4 ice devils (Lair:5)
  Maggie (D:6)
  5 rime drakes
  15 cane toads
  An efreet (D:15)
  A kobold demonologist (D:14)
  A freezing wraith (D:14)
  6 komodo dragons
  3 tengu conjurers
  6 polar bears
  A red devil (Lair:5)
  A troll (D:6)
  A tyrant leech (Swamp:1)
  5 blink frogs
  8 slime creatures
  3 centaur simulacra (Gauntlet)
  4 shadows
  A wraith (D:12)
  2 vampires
  53 yaks
  The ghost of Fodor the Covered, an amateur MiFi (D:4)
  4 wyverns
  4 basilisks
  16 vampire mosquitoes
  2 swamp worms (Swamp:1)
  A warg (D:12)
  3 acid dragons
  5 hell hounds (Lair:5)
  18 water moccasins
  8 ice beasts
  2 black bears
  11 orc warriors
  2 sky beasts
  A hornet zombie (D:6)
  An ogre (D:15)
  14 wolves
  A phantom (D:7)
  8 centaurs
  6 kobold brigands
  5 bullfrogs
  6 scorpions
  3 necrophages (D:6)
  A cane toad simulacrum (Gauntlet)
  20 wights
  10 howler monkeys
  8 vampire bats (Bailey)
  An electric eel (D:9)
  4 wolf zombies (Bailey)
  A bullfrog zombie (D:6)
  A centaur zombie (D:6)
  8 jellies
  9 orc priests
  A sleepcap (D:8)
  A gnoll bouda (D:4)
  3 hounds
  3 iron imps (D:9)
  Natasha (thrice) (D:3)
  7 iguanas
  12 orc wizards
  Ijyb (D:3)
  6 hell rats
  A boggart simulacrum (Gauntlet)
  A howler monkey zombie (D:6)
  6 gnolls (D:4)
  8 adders
  3 shadow imps
  2 ufetubi (D:7)
  2 worms (D:2)
  3 dart slugs
  56 orcs
  15 endoplasms
  A giant cockroach (D:2)
  7 goblins
  8 hobgoblins
  5 jackals
  2 quokkas
  5 ball pythons
  7 bats
  5 frilled lizards
  33 kobolds
  20 orc zombies (Bailey)
  8 rats
656 creatures vanquished.

Vanquished Creatures (collateral kills)
  2 kobolds (D:4)
2 creatures vanquished.

Grand Total: 658 creatures vanquished

Notes
Turn   | Place    | Note
-------+----------+-------------------------------------------
     0 | D:1      | pokeman the Deep Elf Hedge Wizard began the quest for the
                  | Orb.
     0 | D:1      | Reached XP level 1. HP: 10/10 MP: 7/7
   523 | D:1      | Reached XP level 2. HP: 15/15 MP: 6/9
   979 | D:1      | Got Zoerar's Incunabulum of Cooperative Displacement
  1405 | D:2      | Found a hazy altar of Hepliaklqana.
  1414 | D:2      | Reached skill level 5 in Spellcasting
  1414 | D:2      | Reached XP level 3. HP: 20/20 MP: 4/11
  1418 | D:2      | Learned a level 3 spell: Mephitic Cloud
  1421 | D:2      | Learned a level 2 spell: Call Imp
  1424 | D:2      | Learned a level 2 spell: Blink
  1428 | D:2      | Learned a level 3 spell: Stone Arrow
  1900 | D:2      | Reached skill level 1 in Armour
  1916 | D:2      | Reached skill level 1 in Fighting
  2304 | D:3      | Noticed Natasha
  2311 | D:3      | Killed Natasha
  2312 | D:3      | Reached XP level 4. HP: 25/25 MP: 2/13
  2348 | D:3      | Noticed Natasha
  2364 | D:3      | Killed Natasha
  2386 | D:3      | Noticed Natasha
  2392 | D:3      | Killed Natasha
  2393 | D:3      | Reached skill level 6 in Spellcasting
  2418 | D:3      | Reached XP level 5. HP: 28/29 MP: 4/15
  2734 | D:3      | Noticed Ijyb
  2762 | D:3      | Killed Ijyb
  2794 | D:3      | Reached skill level 1 in Poison Magic
  2916 | D:3      | Reached skill level 1 in Earth Magic
  2962 | D:3      | Reached skill level 1 in Air Magic
  3350 | D:4      | Reached XP level 6. HP: 13/34 MP: 0/17
  3600 | D:4      | Found a runed translucent gate.
  3600 | D:4      | Found a runed translucent gate.
  3600 | D:4      | Found a runed translucent gate.
  3601 | D:4      | Noticed Fodor's ghost (amateur MiFi)
  3622 | D:4      | Found an ornate altar of the Wu Jian Council.
  3920 | D:4      | Reached skill level 1 in Evocations
  3951 | D:4      | Found an iron altar of Okawaru.
  4079 | D:4      | Reached skill level 7 in Spellcasting
  4512 | D:5      | Entered Level 5 of the Dungeon
  4585 | D:5      | Reached XP level 7. HP: 26/39 MP: 14/20
  4898 | D:5      | Reached skill level 8 in Spellcasting
  5186 | D:5      | Found an opulent altar of Gozag.
  5735 | D:6      | Noticed a troll
  5743 | D:6      | Killed a troll
  5744 | D:6      | Reached skill level 9 in Spellcasting
  5744 | D:6      | Reached XP level 8. HP: 15/44 MP: 10/23
  5974 | D:6      | Noticed Maggie
  5988 | D:6      | Reached skill level 5 in Conjurations
  6132 | D:6      | Killed Maggie
  6133 | D:6      | Reached skill level 10 in Spellcasting
  6247 | D:6      | Found a hazy altar of Hepliaklqana.
  6605 | D:6      | Reached XP level 9. HP: 45/48 MP: 22/25
  6780 | D:6      | Found an ancient bone altar of Kikubaaqudgha.
  6883 | D:6      | Found a blossoming altar of Fedhas.
  7118 | D:6      | Reached skill level 11 in Spellcasting
  7118 | D:6      | Reached skill level 5 in Earth Magic
  7184 | D:7      | Found a basalt altar of Yredelemnul.
  7443 | D:7      | Found a staircase to the Ecumenical Temple.
  7452 | Temple   | Entered the Ecumenical Temple
  7467 | Temple   | Became a worshipper of Vehumet
  7517 | D:7      | Found a broken altar of Ashenzari.
  7749 | D:8      | Found Taofur's Antique Weapon Emporium.
  7927 | D:8      | Reached skill level 12 in Spellcasting
  8204 | D:8      | Reached * piety under Vehumet
  8204 | D:8      | Offered knowledge of Sandblast by Vehumet.
  8427 | D:8      | Reached XP level 10. HP: 36/56 MP: 17/28
  8734 | D:9      | Reached skill level 1 in Necromancy
  8745 | D:9      | Reached skill level 13 in Spellcasting
  8746 | D:9      | Reached ** piety under Vehumet
  8746 | D:9      | Offered knowledge of Searing Ray by Vehumet.
  9284 | D:9      | Found a burning altar of Makhleb.
  9439 | D:9      | Found a staircase to the Lair.
  9781 | D:10     | Entered Level 10 of the Dungeon
  9795 | D:10     | Reached skill level 14 in Spellcasting
  9795 | D:10     | Noticed Sonja
  9911 | D:10     | Found a flagged portal.
  9923 | D:10     | Killed Sonja
  9938 | Bailey   | Entered a bailey
  9988 | Bailey   | Offered knowledge of Static Discharge by Vehumet.
 10042 | Bailey   | Reached *** piety under Vehumet
 10110 | Bailey   | Noticed a gargoyle
 10116 | Bailey   | Killed a gargoyle
 10119 | Bailey   | Reached XP level 11. HP: 54/61 MP: 17/31
 10285 | Bailey   | Offered knowledge of Fulminant Prism by Vehumet.
 10337 | Bailey   | Identified the +9 scale mail of the Thirteen Stories {Harm
                  | Rampage rF- Dex+7}
 10964 | D:11     | Reached **** piety under Vehumet
 10965 | D:11     | Reached skill level 15 in Spellcasting
 11001 | D:11     | Offered knowledge of Airstrike by Vehumet.
 11007 | D:11     | Noticed Amaemon
 11185 | D:11     | Reached skill level 5 in Armour
 11295 | D:11     | Killed Amaemon
 11681 | D:12     | Noticed a deep elf pyromancer
 11685 | D:12     | Killed a deep elf pyromancer
 11763 | D:12     | Noticed a skeletal warrior
 11763 | D:12     | Noticed a skeletal warrior
 11763 | D:12     | Noticed a skeletal warrior
 11882 | D:12     | Found a runed translucent gate.
 11883 | D:12     | Found a runed translucent gate.
 11883 | D:12     | Found a runed translucent gate.
 11884 | D:12     | Noticed MachoJfn's ghost (journeyman DsIE)
 11945 | D:12     | Found Siqyripn's Assorted Antiques.
 11950 | D:12     | Reached skill level 16 in Spellcasting
 11988 | D:12     | Bought a dark potion for 33 gold pieces
 12099 | D:12     | Noticed a deep elf pyromancer
 12113 | D:12     | Killed a deep elf pyromancer
 12305 | D:12     | Reached XP level 12. HP: 68/68 MP: 24/34
 12410 | D:12     | Reached skill level 5 in Fighting
 12753 | D:12     | Reached skill level 10 in Conjurations
 12942 | D:12     | Reached skill level 17 in Spellcasting
 13075 | D:12     | Found a staircase to the Orcish Mines.
 13577 | D:4      | Killed Fodor's ghost
 14056 | Lair:1   | Entered Level 1 of the Lair of Beasts
 14102 | Lair:1   | Noticed Urug
 14122 | Lair:1   | Killed Urug
 14326 | Lair:1   | Noticed Harold
 14332 | Lair:1   | Killed Harold
 14405 | Lair:1   | Noticed a death yak
 14408 | Lair:1   | Noticed a death yak
 14426 | Lair:1   | Killed a death yak
 14427 | Lair:1   | Reached skill level 10 in Earth Magic
 14428 | Lair:1   | Killed a death yak
 14533 | Lair:1   | Reached ***** piety under Vehumet
 14533 | Lair:1   | Offered knowledge of Arcjolt by Vehumet.
 14781 | Lair:2   | Reached skill level 18 in Spellcasting
 15161 | Lair:2   | Found a runed translucent gate.
 15162 | Lair:2   | Found a runed translucent gate.
 15172 | Lair:2   | Found a runed translucent gate.
 15327 | Lair:2   | Noticed Vujin's ghost (journeyman MiFi)
 15328 | Lair:2   | Noticed Cattocvo's ghost (journeyman VSWr)
 15329 | Lair:2   | Noticed Rocluheo's ghost (journeyman FeDe)
 15455 | Lair:2   | Reached XP level 13. HP: 74/74 MP: 31/37
 15499 | Lair:2   | Noticed Fannar
 15510 | Lair:2   | Killed Fannar
 16297 | Lair:3   | Found a staircase to the Swamp.
 16773 | Lair:3   | Found a hole to the Spider Nest.
 16775 | Lair:3   | Noticed Nessos
 16841 | Lair:3   | Killed Nessos
 16881 | Lair:3   | Reached skill level 19 in Spellcasting
 18510 | Lair:4   | Reached skill level 20 in Spellcasting
 18701 | Lair:4   | Identified the +6 ring mail of the Armadillo {Harm}
 19154 | Lair:5   | Entered Level 5 of the Lair of Beasts
 19175 | Lair:5   | Reached XP level 14. HP: 67/80 MP: 35/40
 19436 | Lair:5   | Found a gate leading to a gauntlet.
 19444 | Gauntlet | Entered a Gauntlet
 19444 | Gauntlet | Found a transporter.
 19444 | Gauntlet | Found a transporter.
 19464 | Gauntlet | Found a transporter.
 19465 | Gauntlet | Found a transporter.
 19477 | Gauntlet | Found a transporter.
 19479 | Gauntlet | Found a transporter.
 19481 | Gauntlet | Found a large runed translucent door.
 19482 | Gauntlet | Found a large runed translucent door.
 19483 | Gauntlet | Found a large runed translucent door.
 19483 | Gauntlet | Found a large runed translucent door.
 19483 | Gauntlet | Found a runed translucent door.
 19483 | Gauntlet | Found a runed translucent door.
 19484 | Gauntlet | Found a large runed translucent door.
 19484 | Gauntlet | Found a large runed translucent door.
 19484 | Gauntlet | Found a large runed translucent door.
 19484 | Gauntlet | Found a large runed translucent door.
 19485 | Gauntlet | Found a large runed translucent door.
 19486 | Gauntlet | Found a large runed translucent door.
 19487 | Gauntlet | Found a large runed translucent door.
 19487 | Gauntlet | Found a large runed translucent door.
 19488 | Gauntlet | Found a large runed translucent door.
 19488 | Gauntlet | Found a large runed translucent door.
 19488 | Gauntlet | Found a large runed translucent door.
 19488 | Gauntlet | Found a large runed translucent door.
 19491 | Gauntlet | Found a runed translucent gate.
 19491 | Gauntlet | Found a runed translucent gate.
 19491 | Gauntlet | Found a runed translucent gate.
 19493 | Gauntlet | Found a transporter.
 19543 | Gauntlet | Found a transporter.
 19543 | Gauntlet | Found a transporter.
 19554 | Gauntlet | Found a transporter.
 19558 | Gauntlet | Found a transporter.
 19572 | Gauntlet | Found a transporter.
 19969 | Gauntlet | Identified the +5 hand axe of the Transmuting Oracle
                  | {venom, MP+9 Str+3}
 19969 | Gauntlet | Identified the +6 plate armour of the Moneychanger {Harm
                  | Rampage rF- Will+ Stlth+}
 19974 | Gauntlet | Offered knowledge of Freezing Cloud by Vehumet.
 19981 | Gauntlet | Learned a level 5 spell: Freezing Cloud
 19987 | Gauntlet | Identified the +0 pair of gloves "Nevoobed" {Dex+2}
 20012 | Lair:5   | Learned a level 5 spell: Lee's Rapid Deconstruction
 20520 | Lair:2   | Killed Vujin's ghost
 20521 | Lair:2   | Reached skill level 1 in Ice Magic
 20527 | Lair:2   | Killed Rocluheo's ghost
 20530 | Lair:2   | Killed Cattocvo's ghost
 20793 | Lair:5   | Found a staircase to the Slime Pits.
 20793 | Lair:5   | Found a viscous altar of Jiyva.
 21102 | Lair:5   | Noticed an azure jelly
 21165 | Lair:5   | Killed an azure jelly
 21524 | Lair:5   | Identified a scroll of acquirement
 21525 | Lair:5   | Identified the "Atus Sen" (You acquired it on level 5 of
                  | the Lair of Beasts)
 21525 | Lair:5   | Acquired Sif Muna's Verses on the Solid Blaze
 21533 | Lair:5   | Learned a level 5 spell: Fireball
 21540 | Lair:5   | Learned a level 6 spell: Starburst
 21662 | Lair:5   | Reached skill level 1 in Fire Magic
 21731 | Lair:5   | Reached skill level 21 in Spellcasting
 22227 | Lair:5   | Found a burning altar of Makhleb.
 22368 | Lair:5   | Found a gateway to Hell.
 22831 | D:12     | Killed MachoJfn's ghost
 23207 | D:13     | Offered knowledge of Ozocubu's Refrigeration by Vehumet.
 23553 | D:13     | Found a flickering gateway to a bazaar.
 23560 | Bazaar   | Entered a bazaar
 23560 | Bazaar   | Found Opueg's Book Emporium.
 23560 | Bazaar   | Found Bywn's Book Shoppe.
 23560 | Bazaar   | Found Zienn's Magic Scroll Shoppe.
 23560 | Bazaar   | Found Anaf's Armour Emporium.
 23560 | Bazaar   | Found Tiedorhi's Book Emporium.
 23560 | Bazaar   | Found Mismodgh's Jewellery Shoppe.
 23600 | Bazaar   | Bought the +2 cloak of the Thief {*Fog Slay-2 SInv Stlth+}
                  | for 201 gold pieces
 23600 | Bazaar   | Found the +2 cloak of the Thief {*Fog Slay-2 SInv Stlth+}
 23606 | Bazaar   | Bought a scroll of identify for 20 gold pieces
 23606 | Bazaar   | Bought a scroll of blinking for 75 gold pieces
 23606 | Bazaar   | Bought a scroll of revelation for 75 gold pieces
 23606 | Bazaar   | Bought a scroll of identify for 20 gold pieces
 23606 | Bazaar   | Bought a scroll of identify for 20 gold pieces
 23606 | Bazaar   | Bought a scroll of acquirement for 520 gold pieces
 23793 | D:13     | Found a gate to the Vaults.
 24746 | D:14     | Reached XP level 15. HP: 80/85 MP: 34/42
 25087 | D:15     | Entered Level 15 of the Dungeon
 25163 | D:15     | Reached skill level 1 in Shields
 25206 | D:15     | Reached skill level 22 in Spellcasting
 25239 | D:15     | Found a staircase to the Depths.
 26117 | D:15     | Reached skill level 5 in Fire Magic
 26456 | Temple   | Identified the "Irinkokh" (You acquired it in the
                  | Ecumenical Temple)
 26456 | Temple   | Acquired the amulet "Roshrakle" {Faith Drain rF+++ MP+9}
 26641 | Swamp:1  | Entered Level 1 of the Swamp
 26846 | Swamp:1  | Noticed Frances
 26979 | Swamp:1  | Killed Frances
 27021 | Swamp:1  | Offered knowledge of Iskenderun's Battlesphere by Vehumet.
 27028 | Swamp:1  | Learned a level 5 spell: Iskenderun's Battlesphere
 27075 | Swamp:1  | Noticed Roxanne
 27076 | Swamp:1  | Noticed Nikola
 27080 | Swamp:1  | Killed Roxanne
 27085 | Swamp:1  | Killed Nikola
 27089 | Swamp:1  | Noticed a fenstrider witch
 27095 | Swamp:1  | Killed from afar by a fenstrider witch

Illustrated notes

Levels and vault maps discovered:
D:1:      dpeg_arrival_chambers_temple_mockup, layout_basic, lemuel_flame_loot_1
D:2:      layout_basic, basic_altar, amcnicky_mini_corridor_feature
D:3:      layout_basic, uniq_ijyb, uniq_natasha
D:4:      layout_basic, okawaru_gym_becter, nzn_wu_jian_contemplation,
          gammafunk_ghost_nasty_kobolds, minmay_crystal_water,
          minmay_misc_feat_hallway
D:5:      layout_loops_corners, nicolae_gozag_seed_capital
D:6:      layout_loops_ring, fedhas_altar_decomposition,
          overflow_temple_1_default, nicolae_hepliaklqana_hazy_memory,
          uniq_maggie
D:7:      layout_cave_pools, lemuel_round_altar,
          mainiacjoe_overflow_concentric_impassable,
          minmay_temple_entry_gardened_gates
D:8:      layout_loops_ring, serial_shops, shop
D:9:      layout_cross, demons_altar, hellmonk_lair_entry_icy,
          water_boxes_lemuel
D:10:     layout_cave_pools, enter_bailey_5, uniq_sonja
D:11:     layout_rooms, uniq_amaemon
D:12:     layout_roguey, david_orc_1_choice, serial_shops,
          nicolae_shop_temple_entry_statues_fountains,
          biasface_ghost_orc_armoury
D:13:     layout_basic, hellmonk_vaults_attempted_burglary, serial_shops,
          bzr_entry_safe
D:14:     layout_irregular_city, st_stairs_11, feat_on_display
D:15:     hangedman_depths_entry_civil_slaughter, layout_basic,
          nicolae_concentric_dashed_squares_mild
Temple:   nicolae_temple_ecumenical_triangle
Lair:1:   layout_roguey, uniq_harold, uniq_urug
Lair:2:   layout_gridlike, gammafunk_ghost_cemetery, uniq_fannar
Lair:3:   layout_gridlike, minmay_swamp_entry_reptiles,
          spider_nest_entry_web_field, beast_lair_carwin_11, uniq_nessos
Lair:4:   layout_regular_city, chequers_serial_rivers_room_b
Lair:5:   evil_forest, layout_gridlike, nicolae_slime_entry_slimehenge,
          gauntlet_entry_generic, st_stairs_9, minmay_lair_oklob_bushes,
          nicolae_lair_time_for_slime
Swamp:1:  layout_basic_swamp, nicolae_swamp_trees_clearing, uniq_frances,
          uniq_roxanne, uniq_nikola

Skill      XL: |  1  2  3  4  5  6  7  8  9 10 11 12 13 14 15 |
---------------+----------------------------------------------+-----
Spellcasting   | 5 6 7 9 10 12 14 16 18 20 21 22 | 22.8
Armour         | 1 2 3 4 5 6 7 |  7.3
Fighting       | 1 2 3 4 6 7 |  7.0
Conjurations   | 2 3 4 5 7 8 9 11 12 13 14 | 14.0
Dodging        | 3 |  3.0
Stealth        | 3 |  3.0
Poison Magic   | 1 |  1.0
Earth Magic    | 1 3 4 6 7 9 10 11 12 | 12.3
Air Magic      | 1 |  1.0
Evocations     | 1 |  1.0
Necromancy     | 1 |  1.0
Ice Magic      | 2 |  2.0
Fire Magic     | 3 6 |  6.1
Shields        | 3 |  3.2
Summonings     | |  1.1
Translocations | |  1.1

Action                     |  1- 3 |  4- 6 |  7- 9 | 10-12 | 13-15 || total
---------------------------+-------+-------+-------+-------+-------++-------
  Melee: Dagger            |    13 |    53 |    39 |       |       ||   105
         Punch             |       |     1 |     3 |     1 |     3 ||     8
         Short sword       |       |       |    20 |    46 |       ||    66
         Demon whip        |       |       |       |    36 |    29 ||    65
         Hand axe          |       |       |       |       |    40 ||    40
   Cast: Magic Dart        |    76 |    93 |    73 |    54 |     9 ||   305
         Mephitic Cloud    |     3 |    13 |    15 |    36 |    29 ||    96
         Call Imp          |       |     1 |     1 |     4 |     1 ||     7
         Stone Arrow       |       |     1 |   103 |   366 |   470 ||   940
         Blink             |       |       |       |     4 |     3 ||     7
         Fireball          |       |       |       |       |   131 ||   131
         Starburst         |       |       |       |       |    17 ||    17
         Freezing Cloud    |       |       |       |       |     4 ||     4
         Lee's Rapid Decon |       |       |       |       |     5 ||     5
  Evoke: Wand              |       |       |       |       |     3 ||     3
    Use: Scroll            |       |       |       |    10 |    14 ||    24
   Stab: Confused          |     2 |     8 |     8 |     9 |    10 ||    37
         Sleeping          |     1 |       |       |       |       ||     1
 Armour: Robe              |    11 |    26 |     4 |       |       ||    41
         Acid dragon scale |       |       |    22 |   170 |   226 ||   418
         Troll leather arm |       |       |     1 |       |       ||     1
         Ring mail         |       |       |       |       |    16 ||    16
  Dodge: Dodged            |     8 |    25 |    28 |   152 |   151 ||   364
  Block: Other             |       |       |     3 |       |       ||     3

Table legend: (Time is in decaauts)
 A = Elapsed time spent in this place.
 B = Non-inter-level travel time spent in this place.
 C = Inter-level travel time spent in this place.
 D = Time resting spent in this place.
 E = Time spent auto-exploring this place.
 F = Levels seen in this place.
 G = Mean time per level.
                   A        B        C        D        E       F      G
               +--------+--------+--------+--------+--------+-----+--------+
         Total |  27203 |  24811 |   2392 |   2311 |  17420 |  25 | 1088.1 |
       Dungeon |  17357 |  15915 |   1442 |    974 |  12081 |  15 | 1157.1 |
        Temple |    138 |     96 |     42 |      0 |      0 |   1 |  138.0 |
          Lair |   8389 |   7481 |    908 |   1244 |   4893 |   5 | 1677.8 |
         Swamp |    196 |    196 |      0 |     10 |    100 |   1 |  196.0 |
        Bazaar |     60 |     60 |      0 |      0 |     11 |   1 |   60.0 |
        Bailey |    503 |    503 |      0 |     43 |    334 |   1 |  503.0 |
      Gauntlet |    557 |    557 |      0 |     40 |      0 |   1 |  557.0 |
               +--------+--------+--------+--------+--------+-----+--------+

Top non-repeatable levels by time:
  Lair:5: 2170 daAuts
  Lair:3: 1909 daAuts
    D:12: 1786 daAuts
  Lair:4: 1711 daAuts
     D:9: 1642 daAuts
     D:4: 1498 daAuts
     D:5: 1485 daAuts
  Lair:2: 1354 daAuts
     D:1: 1280 daAuts
    D:15: 1250 daAuts
     D:6: 1249 daAuts
  Lair:1: 1244 daAuts
     D:3: 1100 daAuts
     D:2: 1045 daAuts
    D:13: 1007 daAuts
